 Dungeon Crawl Stone Soup version 0.20-a0-1056-g7622305 (webtiles) character file.

70 Rrauwl the Skirmisher (level 4, 0/37 HPs)
             Began as a Formicid Abyssal Knight on Apr 26, 2017.
             Was a Follower of Lugonu.
             Slain by a gnoll
             ... wielding a +1 whip of flaming
              (1 damage)
             ... on level 2 of the Dungeon.
             The game lasted 00:07:43 (1793 turns).

Rrauwl the Skirmisher (Formicid Abyssal Knight)     Turns: 1793, Time: 00:07:44

Health: 0/37       AC:  3    Str: 19    XL:     4   Next: 44%
Magic:  5/5        EV: 12    Int: 16    God:    Lugonu [*.....]
Gold:   89         SH:  0    Dex: 10    Spells: 3/3 levels left

rFire    . . .     SeeInvis +   a - +1 hand axe (chop)
rCold    . . .     Gourm    .   (no shield)
rNeg     . . .     Faith    .   b - +0 leather armour
rPois    .         Spirit   .   (helmet unavailable)
rElec    +         Reflect  .   (no cloak)
rCorr    .         Harm     .   (no gloves)
MR       .....                  (no boots)
Stlth    +.........             (no amulet)
Regen    0.2/turn               f - +2 ring of intelligence
MPRegen  0.1/turn               (no ring)

@: no status effects
A: permanent stasis, dig shafts and tunnels, four strong arms, antennae 3,
talons 1, clever 1, electricity resistance, strong 1
a: Dig, Shaft Self, Depart the Abyss, Renounce Religion


You were on level 2 of the Dungeon.
You worshipped Lugonu.
Lugonu was aware of your devotion.
You were hungry.

You visited 1 branch of the dungeon, and saw 3 of its levels.
You visited the Abyss 1 time.

You collected 89 gold pieces.

Inventory:

Hand Weapons
 a - a +1 hand axe of chopping (weapon)
Armour
 b - a +0 leather armour (worn)
Jewellery
 f - a +2 ring of intelligence (left hand)
Scrolls
 d - 3 scrolls of identify
Potions
 e - a potion of flight
Comestibles
 c - 2 bread rations
 h - 2 meat rations
 j - 4 fruits


   Skills:
 + Level 4.1 Fighting
 + Level 2.5 Axes
 + Level 2.9 Armour
 + Level 1.9 Dodging
 - Level 2.2 Invocations


You had 3 spell levels left.
You didn't know any spells.

Dungeon Overview and Level Annotations

Branches:
Dungeon (3/15)

Altars:
Ashenzari


Innate Abilities, Weirdness & Mutations

You cannot be hasted, slowed, berserked, paralysed or teleported.
You can dig through walls and to a lower floor.
Your four strong arms can wield two-handed weapons with a shield.
You have a pair of large antennae on your head. (SInv)
You have sharp toenails.
Your mind is acute. (Int +2)
You are resistant to electric shocks. (rElec)
Your muscles are strong. (Str +2)


Message History

You barely miss the gnoll.
The gnoll is severely wounded.
The gnoll hits you with a whip of flaming.
The gnoll burns you.
* * * LOW HITPOINT WARNING * * *
You barely miss the gnoll. Your kick misses the gnoll.
The gnoll is severely wounded.
The gnoll hits you with a whip of flaming.
* * * LOW HITPOINT WARNING * * *
The gnoll burns you.
* * * LOW HITPOINT WARNING * * *
You hit the gnoll.
The gnoll is almost dead.
The gnoll closely misses you.
You hit the gnoll but do no damage.
The gnoll is almost dead.
The gnoll hits you with a whip of flaming.
* * * LOW HITPOINT WARNING * * *
The gnoll burns you.
You die...

.##......#.).# ........#.<.#
##### #......#...# .
....########## #..........# .
####..........# #..........#
.##...#.....###.# #..........#
...........## #.####.##..#...#
#.......#### #..# #.##.######
#.......# ##@###.#..#####
#.......########.g##.........#
..........)...)..............#
......<.##########...........#
)............................#
........######.l.............#
.#.....## #....#..........#
.##...## #...####.[..######
..##### #.#.# ##.###


You could see a gnoll.

Vanquished Creatures
  2 gnolls (D:2)
  2 oozes (D:2)
  A worm (D:2)
  2 dart slugs (D:1)
  3 bats
  A giant cockroach (D:1)
  7 goblins
  6 hobgoblins
  4 kobolds
  3 frilled lizards
  4 rats
35 creatures vanquished.

Notes
Turn   | Place    | Note
-------+----------+-------------------------------------------
     0 | Abyss:1  | Rrauwl the Formicid Abyssal Knight began the quest for the Orb.
     0 | Abyss:1  | Reached XP level 1. HP: 18/18 MP: 2/2
   167 | Abyss:3  | Found a corrupted altar of Lugonu.
   209 | Abyss:4  | Noticed a small abomination
   219 | Abyss:5  | Entered Level 5 of the Abyss
   257 | Abyss:5  | Noticed a thrashing horror
   260 | Abyss:5  | Noticed a small abomination
   264 | Abyss:5  | Noticed a daeva
   264 | Abyss:5  | Noticed a wretched star
   265 | D:1      | Escaped the Abyss
   471 | D:1      | Noticed a tengu
   471 | D:1      | Noticed a minotaur
   475 | D:1      | Noticed a naga
   475 | D:1      | Noticed an octopode
   477 | D:1      | Noticed a gargoyle
   477 | D:1      | Noticed a troll
   479 | D:1      | Noticed a vampire
   479 | D:1      | Noticed a merfolk
   481 | D:1      | Noticed an ogre
   481 | D:1      | Noticed a formicid
   483 | D:1      | Noticed a demigod
   485 | D:1      | Noticed a vine stalker
   485 | D:1      | Noticed a dwarf
   487 | D:1      | Noticed a felid
   487 | D:1      | Noticed a human
   489 | D:1      | Noticed a centaur
   491 | D:1      | Noticed a demonspawn
   491 | D:1      | Noticed a halfling
   493 | D:1      | Noticed a draconian
   493 | D:1      | Noticed a ghoul
   495 | D:1      | Noticed an elf
   495 | D:1      | Noticed a spriggan
   664 | D:1      | Reached skill level 1 in Dodging
   664 | D:1      | Reached XP level 2. HP: 24/24 MP: 3/3
   806 | D:1      | Found a shattered altar of Ashenzari.
   892 | D:1      | Reached * piety under Lugonu
   913 | D:1      | Reached XP level 3. HP: 30/30 MP: 4/4
  1217 | D:2      | Gained mutation: You are resistant to electric shocks. (rElec) [potion of mutation]
  1217 | D:2      | Gained mutation: Your muscles are strong. (Str +2) [potion of mutation]
  1217 | D:2      | Gained mutation: You have sharp toenails. [potion of mutation]
  1217 | D:2      | Gained mutation: Your mind is acute. (Int +2) [potion of mutation]
  1283 | D:2      | Reached skill level 4 in Fighting
  1283 | D:2      | Reached XP level 4. HP: 18/37 MP: 5/5
  1793 | D:2      | HP: 1/37 [gnoll/whip of flaming (1)]
  1793 | D:2      | Slain by a gnoll

Vault maps used:
D:1:      kb_arrival_jail, evilmike_ruin_ashenzari
D:3:      nicolae_overflow_crystal_walls, uniq_ijyb, uniq_grinder
Abyss:4:  hangedman_abyss_mock_shop, evilmike_abyss_exit_glass
Abyss:5:  evilmike_abyss_exit_14, hangedman_abyss_or_decor_passed,
          evilmike_abyss_exit_12, nicolae_abyss_rune_left_handed,
          evilmike_abyss_exit_chaos

Skill      XL: |  1  2  3 |
---------------+----------+-----
Dodging        | 1 |  1.9
Fighting       | 4 |  4.1
Axes           | |  2.5
Armour         | |  2.9
Invocations    | |  2.2

Action                   |  1- 3 |  4- 6 || total
-------------------------+-------+-------++-------
Melee: Hand axe          |    71 |    22 ||    93
       Kick              |     5 |     2 ||     7
Invok: Depart the Abyss  |     1 |       ||     1
 Abil: Dig               |     4 |       ||     4
  Use: Scroll            |     4 |       ||     4
       Potion            |     3 |       ||     3
  Eat: Chunk             |     1 |     1 ||     2
Armor: Leather armour    |    13 |     3 ||    16
Dodge: Dodged            |    38 |    11 ||    49
